[Event "Titled Tuesday Blitz July 18 Late 2023"]
[White "Graif, William"]
[Black "K2JW"]
[WhiteFideId "2609835"]
[WhiteElo "2519"]
[BlackElo "2356"]
[Result "1-0"]
[Round "5"]
[TimeControl "180+2"]
[Date "2023.07.18"]
[WhiteClock "0:01:21"]
[BlackClock "0:00:23"]
[Board "101"]

1. e4 c6 2. d4 d5 3. Nc3 dxe4 4. Bc4 Nf6 5. f3 exf3 6. Nxf3 Bf5 7. O-O e6 8. Ng5 Bg6 9. Bxe6 fxe6 10. Nxe6 Qd7 11. Bg5 Be7 12. Nxg7+ Kf7 13. Nh5 Bxh5 14. Qxh5+ Kg8 15. Bxf6 Bxf6 16. Rxf6 Qxd4+ 17. Rf2 Qg7 18. Qe8+ 1-0


[Site "https://www.chess.com"]

[Event "Titled Tuesday Blitz July 18 Late 2023"]
[White "Adireddy Arjun"]
[Black "Philippe, Guillaume"]
[WhiteFideId "25647709"]
[BlackFideId "36048763"]
[WhiteElo "2356"]
[BlackElo "2515"]
[Result "0-1"]
[Round "5"]
[TimeControl "180+2"]
[Date "2023.07.18"]
[WhiteClock "0:00:00"]
[BlackClock "0:01:19"]
[Board "102"]

1. Nf3 Nf6 2. g3 e6 3. Bg2 d5 4. O-O Be7 5. d4 O-O 6. c4 dxc4 7. Nc3 Nc6 8. e3 a6 9. a4 Na5 10. Nd2 Rb8 11. Qe2 c5 12. dxc5 Bxc5 13. Nxc4 Nb3 14. Rb1 b5 15. Nd2 Nxd2 16. Bxd2 b4 17. Ne4 Nxe4 18. Bxe4 a5 19. Rfd1 Qb6 20. Rbc1 Ba6 21. Bd3 Bb7 22. Bxh7+ Kxh7 23. Qh5+ Kg8 24. Qxc5 Qxc5 25. Rxc5 Rbd8 26. Kf1 Bf3 27. Ke1 Bxd1 28. Kxd1 Rd3 29. Ke2 Rfd8 30. Be1 R3d5 31. Rc2 Rd1 32. Rc5 Rb1 33. Rxa5 Rxb2+ 34. Kf3 b3 35. Rb5 Rc8 36. a5 Rc1 37. Bb4 Ra2 38. a6 b2 39. Bc5 b1=Q 0-1


[Site "https://www.chess.com"]

[Event "Titled Tuesday Blitz July 18 Late 2023"]
[White "Kanyamarala, Tarun"]
[Black "Avalos Parra, Joao"]
[WhiteFideId "45004714"]
[BlackFideId "3402541"]
[WhiteElo "2514"]
[BlackElo "2354"]
[Result "1-0"]
[Round "5"]
[TimeControl "180+2"]
[Date "2023.07.18"]
[WhiteClock "0:01:35"]
[BlackClock "0:00:14"]
[Board "103"]

1. Nc3 e5 2. Nf3 Nc6 3. e4 Nf6 4. d4 exd4 5. Nxd4 Bb4 6. Nxc6 bxc6 7. Bd3 d5 8. exd5 O-O 9. O-O cxd5 10. h3 c6 11. Qf3 Bd6 12. Bg5 Rb8 13. Na4 Be6 14. b3 h6 15. Bh4 Rb4 16. Bg3 Bxg3 17. Qxg3 Ne4 18. Qe3 Nd6 19. Qxa7 Qg5 20. Qe3 Qf6 21. Qc5 Rxa4 22. bxa4 Rd8 23. Qe3 d4 24. Qg3 c5 25. Rfe1 c4 26. Bf1 Nf5 27. Qf4 g5 28. Qc7 Qg6 29. Qxd8+ 1-0


[Site "https://www.chess.com"]

[Event "Titled Tuesday Blitz July 18 Late 2023"]
[White "Ilyuchyk, Yana"]
[Black "Haszon, David"]
[WhiteFideId "13508407"]
[BlackFideId "733610"]
[WhiteElo "2343"]
[BlackElo "2514"]
[Result "1-0"]
[Round "5"]
[TimeControl "180+2"]
[Date "2023.07.18"]
[WhiteClock "0:00:47"]
[BlackClock "0:02:29"]
[Board "104"]

1. e4 e5 2. Nf3 Nc6 3. Nc3 Nf6 4. d4 exd4 5. Nxd4 Bb4 6. Nxc6 bxc6 7. Bd3 d5 8. exd5 cxd5 9. O-O O-O 10. h3 c6 11. Qf3 Re8 12. Bf4 Bd6 13. Ne2 Rb8 14. b3 Rb4 15. c3 Rb8 16. Rad1 Qc7 17. Bxd6 Qxd6 18. Nf4 Qa3 19. Rd2 Ba6 20. c4 dxc4 21. bxc4 Qc5 22. Re2 Rxe2 23. Qxe2 Re8 24. Qc2 Qd4 25. g3 c5 26. Rd1 Qe5 27. Nd5 Bb7 28. Qb1 Kh8 29. Qxb7 1-0


[Site "https://www.chess.com"]

[Event "Titled Tuesday Blitz July 18 Late 2023"]
[White "Balague Camps, Marc"]
[Black "Fernandez Siles, Luis"]
[WhiteFideId "2297914"]
[BlackFideId "2209420"]
[WhiteElo "2513"]
[BlackElo "2315"]
[Result "1-0"]
[Round "5"]
[TimeControl "180+2"]
[Date "2023.07.18"]
[WhiteClock "0:00:19"]
[BlackClock "0:00:00"]
[Board "105"]

1. d4 Nf6 2. c4 g6 3. Nc3 d5 4. Nf3 Bg7 5. Qb3 dxc4 6. Qxc4 O-O 7. e4 Bg4 8. Be3 Nc6 9. Rd1 Nd7 10. h3 Nb6 11. Qd3 Bxf3 12. gxf3 e5 13. d5 Nd4 14. Bg2 c6 15. dxc6 bxc6 16. O-O Qh4 17. Ne2 c5 18. Bxd4 exd4 19. b3 Be5 20. Qd2 g5 21. Rc1 Rac8 22. Rfd1 f5 23. Qd3 g4 24. hxg4 fxg4 25. f4 Bxf4 26. Nxf4 Rxf4 27. Rd2 Rcf8 28. Rcc2 Nd7 29. Qc4+ Kh8 30. Qd5 g3 31. Qxd7 gxf2+ 32. Kf1 Qh2 33. Rxf2 Qg3 34. Rxf4 Rxf4+ 35. Kg1 Qe3+ 36. Kh2 Rh4+ 37. Bh3 Qf4+ 38. Kg1 Qe3+ 39. Rf2 Qg3+ 40. Bg2 Qh2+ 41. Kf1 Rf4 42. Qc8+ Kg7 43. Qc7+ 1-0


[Site "https://www.chess.com"]

[Event "Titled Tuesday Blitz July 18 Late 2023"]
[White "Urbina Perez, Juan Antonio"]
[Black "Spichkin, Alexander"]
[WhiteFideId "2217368"]
[BlackFideId "4144074"]
[WhiteElo "2511"]
[BlackElo "2308"]
[Result "1-0"]
[Round "5"]
[TimeControl "180+2"]
[Date "2023.07.18"]
[WhiteClock "0:01:14"]
[BlackClock "0:02:20"]
[Board "106"]

1. e4 e5 2. Nf3 d5 3. Nxe5 Bd6 4. d4 dxe4 5. Nc4 Nf6 6. Be2 Nc6 7. Be3 O-O 8. Nxd6 Qxd6 9. c4 Bf5 10. Nc3 Rad8 11. d5 Ne5 12. O-O Qb4 13. Qb3 Qxb3 14. axb3 a5 15. Rxa5 b6 16. Ra7 Rc8 17. Nb5 c6 18. Nd6 Ra8 19. Rxa8 Rxa8 20. Nxf5 cxd5 21. Ne7+ Kf8 22. Nxd5 Ra2 23. Nxf6 gxf6 24. Bxb6 Rxb2 25. Bd1 Nd3 26. Bd4 Rd2 27. Bxf6 Nxf2 28. Rxf2 Rxd1+ 29. Rf1 Rd3 30. b4 Re3 31. c5 Rb3 32. c6 Ke8 33. Rd1 Rd3 34. Rxd3 exd3 35. Kf2 1-0


[Site "https://www.chess.com"]

[Event "Titled Tuesday Blitz July 18 Late 2023"]
[White "Bartel, Marta"]
[Black "Hnydiuk, Aleksander"]
[WhiteFideId "1123009"]
[BlackFideId "1109057"]
[WhiteElo "2286"]
[BlackElo "2510"]
[Result "0-1"]
[Round "5"]
[TimeControl "180+2"]
[Date "2023.07.18"]
[WhiteClock "0:00:00"]
[BlackClock "0:00:33"]
[Board "107"]

1. d4 d5 2. c4 c6 3. cxd5 cxd5 4. Bf4 Nf6 5. e3 Nc6 6. Nc3 a6 7. Rc1 Bg4 8. Nf3 e6 9. h3 Bxf3 10. Qxf3 Bd6 11. Bg5 O-O 12. Bd3 h6 13. Bh4 Be7 14. O-O Nd7 15. Bg3 Rc8 16. Bb1 b5 17. Qe2 Nb6 18. Qd3 g6 19. Ne2 Nc4 20. Nf4 Nb4 21. Qe2 Bg5 22. a3 Nc6 23. Nd3 f5 24. Nc5 Qe7 25. Nxa6 Nxd4 26. exd4 Bxc1 27. Rxc1 f4 28. Bh2 Qg5 29. Qxe6+ Kg7 30. Qg4 Qxg4 31. hxg4 Nxa3 32. Re1 Nxb1 33. Rxb1 Rc4 34. Rd1 g5 35. Nc5 Re8 36. f3 Re2 0-1


[Site "https://www.chess.com"]

[Event "Titled Tuesday Blitz July 18 Late 2023"]
[White "Barski, Radoslaw"]
[Black "Broca Jimenez, Fernando"]
[WhiteFideId "1131710"]
[BlackFideId "5104742"]
[WhiteElo "2510"]
[BlackElo "2277"]
[Result "1-0"]
[Round "5"]
[TimeControl "180+2"]
[Date "2023.07.18"]
[WhiteClock "0:00:05"]
[BlackClock "0:00:03"]
[Board "108"]

1. d4 g6 2. e4 Bg7 3. Nc3 c5 4. d5 d6 5. h3 e5 6. Nf3 h6 7. Bb5+ Nd7 8. O-O Ne7 9. Bd3 O-O 10. a4 Re8 11. a5 Nf8 12. Bd2 g5 13. Nh2 Nfg6 14. Ne2 Bd7 15. Ng3 Nf4 16. Bc4 Neg6 17. Ng4 b5 18. axb6 axb6 19. Ne3 b5 20. Rxa8 Qxa8 21. Be2 Nxe2+ 22. Qxe2 Nf4 23. Qd1 Qa2 24. Bc1 Ra8 25. Ngf5 Bxf5 26. Nxf5 Bf8 27. h4 Qc4 28. hxg5 hxg5 29. Bxf4 exf4 30. Qh5 Qxe4 31. Qxg5+ Kh8 32. Qf6+ Kh7 33. Qxf7+ Kh8 34. Rd1 Re8 35. Qf6+ Kg8 36. Qg6+ Kh8 37. Rd3 Qe1+ 38. Kh2 Re7 39. Rh3+ Bh6 40. Rxh6+ Rh7 41. Rxh7# 1-0


[Site "https://www.chess.com"]

[Event "Titled Tuesday Blitz July 18 Late 2023"]
[White "Schut, Han"]
[Black "Chor, Kevin"]
[WhiteFideId "1005561"]
[BlackFideId "2090740"]
[WhiteElo "2284"]
[BlackElo "2508"]
[Result "0-1"]
[Round "5"]
[TimeControl "180+2"]
[Date "2023.07.18"]
[WhiteClock "0:01:09"]
[BlackClock "0:02:35"]
[Board "109"]

1. e4 c5 2. Nf3 Nc6 3. d4 cxd4 4. Nxd4 g6 5. c4 Bg7 6. Be3 Nf6 7. Nc3 O-O 8. Be2 d6 9. Qd2 Bd7 10. f3 Nxd4 11. Bxd4 a5 12. b3 Bc6 13. Rc1 Nd7 14. Be3 Nc5 15. O-O e6 16. Nb5 Be5 17. g3 Qe7 18. Bd3 Rfd8 19. Bg5 Bf6 20. Bxf6 Qxf6 21. Qe2 Bxb5 22. cxb5 Qd4+ 0-1


[Site "https://www.chess.com"]

[Event "Titled Tuesday Blitz July 18 Late 2023"]
[White "vishwa_vijeta"]
[Black "disciplinedbrat"]
[WhiteElo "2503"]
[BlackElo "2240"]
[Result "1-0"]
[Round "5"]
[TimeControl "180+2"]
[Date "2023.07.18"]
[WhiteClock "0:01:24"]
[BlackClock "0:00:12"]
[Board "110"]

1. e4 a6 2. d4 h6 3. Nf3 d5 4. exd5 Qxd5 5. c4 Qh5 6. Nc3 Bg4 7. Be2 Nd7 8. h3 Be6 9. d5 Bf5 10. Ng5 Qg6 11. Bh5 Qf6 12. Bxf7+ Kd8 13. Ne6+ Kc8 14. Nxf8 Nxf8 15. Bh5 g6 16. Bf3 e5 17. Ne4 Qg7 18. O-O Nf6 19. Nxf6 Qxf6 20. Re1 Nd7 21. Be3 Rf8 22. Bxh6 Rh8 23. Be3 e4 24. Bg4 Ne5 25. Bd4 Bxg4 26. Bxe5 Bxd1 27. Bxf6 Rf8 28. Bg7 Rf7 29. Rxe4 Kd7 30. Rxd1 Rxg7 31. c5 Re7 32. Rxe7+ Kxe7 33. d6+ cxd6 34. Rxd6 Rc8 35. Rxg6 Rxc5 36. Rg7+ Kd6 37. Rxb7 Kc6 38. Rb3 Rc1+ 39. Kh2 Ra1 40. a3 a5 41. h4 1-0


[Site "https://www.chess.com"]

[Event "Titled Tuesday Blitz July 18 Late 2023"]
[White "Erzhanov, Arman"]
[Black "Piekarski, Atila Balzer"]
[WhiteFideId "4138821"]
[BlackFideId "2119552"]
[WhiteElo "2500"]
[BlackElo "2066"]
[Result "1-0"]
[Round "5"]
[TimeControl "180+2"]
[Date "2023.07.18"]
[WhiteClock "0:00:30"]
[BlackClock "0:00:12"]
[Board "111"]

1. e4 c5 2. Nf3 d6 3. d4 cxd4 4. Qxd4 Bd7 5. h3 Nc6 6. Qe3 Nf6 7. Be2 e6 8. O-O Be7 9. Rd1 O-O 10. c4 Qc7 11. Nc3 a6 12. b3 Rfe8 13. Bb2 Rac8 14. Rac1 b6 15. Nd5 exd5 16. cxd5 Qb7 17. dxc6 Rxc6 18. Nd2 Rxc1 19. Rxc1 Bc6 20. f3 d5 21. e5 Bc5 22. Bd4 Nd7 23. f4 f6 24. Nf3 fxe5 25. Nxe5 Bxd4 26. Qxd4 Nxe5 27. fxe5 Bd7 28. Bf3 Be6 29. Rc3 Rc8 30. Bxd5 Bxd5 31. Rxc8+ Qxc8 32. Qxd5+ Kh8 33. Kh2 h6 34. Qd6 Qc1 35. e6 Qe3 36. e7 Kh7 37. a4 b5 38. axb5 axb5 39. b4 h5 40. h4 g6 41. Qf6 Qe4 42. Qf7+ 1-0


[Site "https://www.chess.com"]

[Event "Titled Tuesday Blitz July 18 Late 2023"]
[White "Francisco_Ferrari"]
[Black "Shuvalova, Polina"]
[BlackFideId "24171760"]
[WhiteElo "2192"]
[BlackElo "2654"]
[Result "0-1"]
[Round "5"]
[TimeControl "180+2"]
[Date "2023.07.18"]
[WhiteClock "0:00:04"]
[BlackClock "0:00:26"]
[Board "112"]

1. d4 d5 2. Nf3 c6 3. e3 g6 4. Be2 Bg7 5. O-O Nd7 6. c4 Ngf6 7. Nc3 O-O 8. b3 Re8 9. Bb2 a6 10. Rc1 b5 11. cxd5 cxd5 12. Ne5 Bb7 13. a4 b4 14. Na2 Qb6 15. Qd2 a5 16. Bb5 Red8 17. Nc6 Re8 18. Ne5 Rad8 19. Rc2 Rf8 20. Nc6 Rde8 21. Nc1 Ne4 22. Qe2 Nd6 23. Ne5 Nxe5 24. Bxe8 Rxe8 25. dxe5 Ne4 26. Bd4 Qd8 27. Qb5 Qa8 28. Rd1 Rb8 29. Rc7 Bf8 30. f3 Nc3 31. Bxc3 bxc3 32. Rxc3 d4 33. exd4 Bxf3 34. Qf1 Bxd1 35. Qxd1 Qd5 36. Nd3 Qxd4+ 0-1


[Site "https://www.chess.com"]

[Event "Titled Tuesday Blitz July 18 Late 2023"]
[White "Silva Lucena, Cristian"]
[Black "Ozates, Tuna"]
[WhiteFideId "2232588"]
[BlackFideId "6354521"]
[WhiteElo "2387"]
[BlackElo "2569"]
[Result "1-0"]
[Round "5"]
[TimeControl "180+2"]
[Date "2023.07.18"]
[WhiteClock "0:00:40"]
[BlackClock "0:02:06"]
[Board "113"]

1. Nf3 d5 2. c4 d4 3. e3 c5 4. exd4 cxd4 5. g3 Nc6 6. Bg2 e5 7. O-O Bd6 8. Re1 Nge7 9. c5 Bc7 10. Na3 O-O 11. Nc4 f6 12. a3 Be6 13. d3 Bxc4 14. dxc4 f5 15. b4 e4 16. Ng5 Qd7 17. Bb2 Rad8 18. b5 Ne5 19. Qb3 Nd3 20. Red1 Nxc5 21. Qb4 Nd3 22. Rxd3 exd3 23. Re1 Ng6 24. Bd5+ Kh8 25. Bxd4 f4 26. Ne6 fxg3 27. hxg3 Bd6 28. Qd2 Rf7 29. Nxd8 Qxd8 30. Bxf7 Nh4 31. Bd5 1-0


[Site "https://www.chess.com"]

[Event "Titled Tuesday Blitz July 18 Late 2023"]
[White "Todorovic, Bojan"]
[Black "Velasco, Santiago"]
[WhiteFideId "917087"]
[BlackFideId "4401328"]
[WhiteElo "2376"]
[BlackElo "2569"]
[Result "0-1"]
[Round "5"]
[TimeControl "180+2"]
[Date "2023.07.18"]
[WhiteClock "0:01:04"]
[BlackClock "0:01:28"]
[Board "114"]

1. d4 d5 2. c4 e6 3. Nc3 Nf6 4. cxd5 exd5 5. Bg5 Bb4 6. e3 h6 7. Bxf6 Qxf6 8. Qa4+ Nc6 9. Nf3 O-O 10. Bb5 a5 11. O-O Ne7 12. a3 Bd6 13. Be2 c6 14. Qd1 Bf5 15. Rc1 Ng6 16. Na4 Rfe8 17. Nc5 Re7 18. b4 axb4 19. axb4 Ra2 20. b5 Nf4 21. Bd3 Bxd3 22. Nxd3 Ne2+ 23. Kh1 Nxc1 24. Nxc1 Ra8 25. bxc6 bxc6 26. Qc2 Rc7 27. Nd3 Qg6 28. Qc3 Ra3 0-1


[Site "https://www.chess.com"]

[Event "Titled Tuesday Blitz July 18 Late 2023"]
[White "Topalov, Aleksandar"]
[Black "Jimenez Almeida, Luis David"]
[WhiteFideId "925659"]
[BlackFideId "22242244"]
[WhiteElo "2384"]
[BlackElo "2564"]
[Result "0-1"]
[Round "5"]
[TimeControl "180+2"]
[Date "2023.07.18"]
[WhiteClock "0:00:00"]
[BlackClock "0:00:45"]
[Board "115"]

1. b3 a5 2. a3 e5 3. Bb2 Nc6 4. c4 g6 5. Nc3 Bg7 6. g3 h5 7. h4 d6 8. Bg2 Nge7 9. e3 Bg4 10. Qc2 Qd7 11. Nf3 O-O 12. Ng5 Bf5 13. Nge4 d5 14. cxd5 Nxd5 15. Nxd5 Qxd5 16. O-O Qd7 17. d3 b6 18. Rac1 Na7 19. Qxc7 Qxd3 20. Rc3 Nb5 21. Rxd3 Nxc7 22. Rd6 Rab8 23. Nf6+ Kh8 24. Bxe5 Nb5 25. Rd2 Rbc8 26. a4 Nc3 27. Bf3 Be6 28. Bd4 Bxb3 29. Rc1 Ne2+ 30. Bxe2 Rxc1+ 31. Kg2 Rc2 32. Rd3 Bc4 0-1


[Site "https://www.chess.com"]

[Event "Titled Tuesday Blitz July 18 Late 2023"]
[White "Schuster, Karsten"]
[Black "Vovk, Orest"]
[WhiteFideId "4611071"]
[BlackFideId "14113490"]
[WhiteElo "2335"]
[BlackElo "2558"]
[Result "0-1"]
[Round "5"]
[TimeControl "180+2"]
[Date "2023.07.18"]
[WhiteClock "0:01:10"]
[BlackClock "0:00:44"]
[Board "116"]

1. d4 h6 2. e4 g5 3. h4 g4 4. Bd3 d5 5. e5 c5 6. c3 Nc6 7. Ne2 Qb6 8. a3 g3 9. fxg3 Bg4 10. b4 cxd4 11. cxd4 Bxe2 12. Qxe2 Nxd4 13. Qf2 Nb3 14. Qxb6 axb6 15. Bb5+ Kd8 16. Bb2 Nxa1 17. e6 Nf6 18. Bxa1 fxe6 19. O-O Bg7 20. Nd2 Rxa3 21. Nf3 Nh5 22. Bxg7 Nxg7 23. Ne5 Kc7 24. Rf7 Nf5 25. g4 Nd4 26. Bf1 Kd6 27. Ng6 Rg8 28. h5 Ra1 29. Kf2 Rc8 30. Bd3 Rc3 31. g5 Rxd3 32. gxh6 Ra2+ 33. Kg1 Ne2+ 34. Kh2 Rd1 35. h7 Raa1 36. Kh3 Ra3+ 37. Rf3 Ng1+ 38. Kg3 Nxf3 39. gxf3 Ra8 40. h8=Q Rxh8 41. Nxh8 Rh1 42. Kg4 d4 43. Ng6 d3 0-1


[Site "https://www.chess.com"]

[Event "Titled Tuesday Blitz July 18 Late 2023"]
[White "CatLivesMatter"]
[Black "Herbst, Richard"]
[BlackFideId "2041251"]
[WhiteElo "2482"]
[BlackElo "2329"]
[Result "1-0"]
[Round "5"]
[TimeControl "180+2"]
[Date "2023.07.18"]
[WhiteClock "0:01:34"]
[BlackClock "0:00:55"]
[Board "117"]

1. e4 Nf6 2. e5 Nd5 3. c4 Nb6 4. d4 d6 5. f4 g6 6. Be2 dxe5 7. fxe5 c5 8. d5 Bg7 9. Nf3 Bg4 10. Bf4 e6 11. Nc3 N6d7 12. Nb5 O-O 13. O-O exd5 14. cxd5 Bxf3 15. Bxf3 Nxe5 16. d6 Nxf3+ 17. Qxf3 Nc6 18. Rad1 Nd4 19. Nxd4 cxd4 20. Qxb7 Rb8 21. Qd5 Rxb2 22. d7 Qb6 23. Bg5 Rb5 24. d8=Q Qxd8 25. Qxd8 1-0


[Site "https://www.chess.com"]

[Event "Titled Tuesday Blitz July 18 Late 2023"]
[White "kripri"]
[Black "Jovic, Stanoje"]
[BlackFideId "905020"]
[WhiteElo "2327"]
[BlackElo "2474"]
[Result "0-1"]
[Round "5"]
[TimeControl "180+2"]
[Date "2023.07.18"]
[WhiteClock "0:00:11"]
[BlackClock "0:01:08"]
[Board "118"]

1. e4 c6 2. d4 d5 3. e5 c5 4. dxc5 e6 5. Be3 Ne7 6. f4 Nf5 7. Bf2 d4 8. b4 a5 9. Bb5+ Bd7 10. Bxd7+ Nxd7 11. Nf3 axb4 12. O-O Ne3 13. Bxe3 dxe3 14. Qe2 Bxc5 15. c3 b3 16. Kh1 Qb6 17. Qb2 O-O 18. a4 Rfd8 19. Re1 Nf8 20. c4 Ng6 21. g3 Qc6 22. Kg2 Rxa4 23. Rxa4 Qxa4 24. Nc3 Qxc4 25. Re2 b5 26. Ng5 b4 27. Nce4 h6 28. Nxc5 Qxe2+ 29. Qxe2 Rd2 30. Kf3 Rxe2 31. Kxe2 b2 0-1


[Site "https://www.chess.com"]

[Event "Titled Tuesday Blitz July 18 Late 2023"]
[White "kiwibobo"]
[Black "szachmistrz2500"]
[WhiteElo "2321"]
[BlackElo "2473"]
[Result "0-1"]
[Round "5"]
[TimeControl "180+2"]
[Date "2023.07.18"]
[WhiteClock "0:00:59"]
[BlackClock "0:01:07"]
[Board "119"]

1. e4 c5 2. Nf3 e6 3. d4 cxd4 4. Nxd4 Nc6 5. Nc3 Qc7 6. Be2 Nf6 7. O-O a6 8. Be3 Be7 9. f4 d6 10. a4 O-O 11. Kh1 Bd7 12. Nb3 Na5 13. Bf3 Nc4 14. Bc1 Rac8 15. a5 Rfd8 16. Qe2 e5 17. Nd5 Nxd5 18. exd5 Bf6 19. c3 Re8 20. fxe5 Bxe5 21. Qd3 Bb5 22. Nd4 Nxb2 23. Nxb5 Nxd3 24. Nxc7 Rxc7 25. Be3 Bxc3 26. Bb6 Bxa1 27. Bxc7 Bd4 28. g3 Bc5 29. Rb1 Re1+ 30. Rxe1 Nxe1 31. Be4 g6 32. g4 Kg7 33. Bb6 Bxb6 34. axb6 a5 35. Kg1 a4 36. Kf2 a3 37. Bb1 Nc2 38. Ke2 Nb4 0-1


[Site "https://www.chess.com"]

[Event "Titled Tuesday Blitz July 18 Late 2023"]
[White "Lopez Idarraga, Daniel Eduardo"]
[Black "Tomaszewski, Kacper"]
[WhiteFideId "4405501"]
[BlackFideId "1127373"]
[WhiteElo "2316"]
[BlackElo "2472"]
[Result "1-0"]
[Round "5"]
[TimeControl "180+2"]
[Date "2023.07.18"]
[WhiteClock "0:00:36"]
[BlackClock "0:00:00"]
[Board "120"]

1. d4 Nf6 2. Bf4 c5 3. e3 d6 4. c3 Qb6 5. Qb3 Nh5 6. Bg5 h6 7. Bh4 g5 8. Be2 Ng7 9. Bg3 Nf5 10. Nd2 Nxg3 11. hxg3 Bg7 12. Ngf3 O-O 13. Nc4 Qc7 14. a4 cxd4 15. exd4 Bf5 16. O-O Nc6 17. Rfe1 Rfc8 18. Bf1 Rab8 19. Re3 e6 20. Rae1 d5 21. Nce5 Nxe5 22. Nxe5 a6 23. g4 Be4 24. Bd3 Bxe5 25. dxe5 Bxd3 26. Rxd3 Qc4 27. Qxc4 Rxc4 28. Rd4 Rbc8 29. Red1 Kf8 30. f3 Ke7 31. Kf2 Rxd4 32. Rxd4 Kd7 33. g3 Rc4 34. Rxc4 dxc4 35. Ke3 b5 36. axb5 axb5 37. Kd4 Kc6 38. f4 Kb6 39. Ke3 Kc5 40. Ke4 Kc6 41. Kd4 Kb6 42. Ke3 Kc5 43. Ke4 b4 44. Ke3 bxc3 45. bxc3 Kd5 46. Kf3 Kc6 47. Ke2 Kc5 48. Kf3 Kc6 49. Ke2 Kc5 50. Kf2 Kc6 51. Kf3 Kc5 52. Ke4 Kc6 53. Kd4 Kb5 54. f5 exf5 55. gxf5 h5 56. f6 Kc6 57. e6 1-0


[Site "https://www.chess.com"]

[Event "Titled Tuesday Blitz July 18 Late 2023"]
[White "Marra, Eduardo da Costa"]
[Black "Cruz, William Ferreira Da"]
[WhiteFideId "2106990"]
[BlackFideId "2118050"]
[WhiteElo "2443"]
[BlackElo "2311"]
[Result "1-0"]
[Round "5"]
[TimeControl "180+2"]
[Date "2023.07.18"]
[WhiteClock "0:00:04"]
[BlackClock "0:00:03"]
[Board "121"]

1. d4 Nf6 2. Nc3 d5 3. Bf4 Bf5 4. e3 e6 5. Nb5 Na6 6. Nf3 c6 7. Nc3 Nc7 8. Ne5 Nd7 9. g4 Bg6 10. h4 Nxe5 11. Bxe5 f6 12. Bg3 Bd6 13. h5 Bf7 14. h6 g6 15. Bxd6 Qxd6 16. Qd2 b5 17. O-O-O a5 18. e4 b4 19. Na4 dxe4 20. Bg2 f5 21. Nb6 Rd8 22. Nc4 Qd5 23. Qe2 e5 24. b3 exd4 25. gxf5 gxf5 26. f3 e3 27. Nxe3 Qe5 28. Rd3 f4 29. Qe1 fxe3 30. f4 Qe6 31. Qh4 Bg6 32. Rdd1 Qe7 33. Qg4 Qe6 34. Qg5 Nb5 35. Bh3 Qe7 36. Qg3 Nc3 37. f5 Ne2+ 38. Kb2 Nxg3 39. fxg6 hxg6 40. Bg4 Ne4 41. Rdf1 Nf6 42. Bf3 d3 43. Bxc6+ Kf8 44. cxd3 Qe5+ 45. Kb1 e2 46. Re1 Rxd3 47. Bb5 Ke7 48. Bxd3 Qc3 49. Rxe2+ Kd6 50. Bc2 Kc7 51. Rd1 Rd8 52. Re7+ Kc8 53. Rc1 Qd2 54. Be4+ Kb8 55. Rb7+ Ka8 56. Rd7+ Kb8 57. Rxd2 Ka7 58. Bxg6 1-0


[Site "https://www.chess.com"]

[Event "Titled Tuesday Blitz July 18 Late 2023"]
[White "Gertler, David"]
[Black "Sztokbant, Bernardo Vainzoff"]
[WhiteFideId "2017377"]
[BlackFideId "2115956"]
[WhiteElo "2296"]
[BlackElo "2429"]
[Result "1-0"]
[Round "5"]
[TimeControl "180+2"]
[Date "2023.07.18"]
[WhiteClock "0:01:19"]
[BlackClock "0:00:10"]
[Board "122"]

1. e4 c6 2. c4 d5 3. cxd5 cxd5 4. exd5 Nf6 5. Bb5+ Nbd7 6. Nc3 g6 7. d4 Bg7 8. d6 exd6 9. Qe2+ Qe7 10. Bf4 Qxe2+ 11. Bxe2 Ke7 12. Bf3 Nb6 13. Nge2 Rd8 14. O-O Kf8 15. Nb5 Ne8 16. Rac1 a6 17. Nc7 Rb8 18. Nxe8 Kxe8 19. Rc7 Na8 20. Rc3 Nb6 21. Rfc1 Be6 22. b3 Bd5 23. Bg5 Rd7 24. Bxd5 Nxd5 25. Rc8+ Rd8 26. Bxd8 1-0


[Site "https://www.chess.com"]

[Event "Titled Tuesday Blitz July 18 Late 2023"]
[White "BrandonJiang123456"]
[Black "Ai, Evan"]
[BlackFideId "2094770"]
[WhiteElo "2278"]
[BlackElo "2425"]
[Result "1/2-1/2"]
[Round "5"]
[TimeControl "180+2"]
[Date "2023.07.18"]
[WhiteClock "0:00:19"]
[BlackClock "0:00:23"]
[Board "123"]

1. Nf3 Nf6 2. d3 e6 3. e4 d5 4. Nbd2 dxe4 5. dxe4 Nc6 6. Be2 e5 7. O-O Bc5 8. c3 a5 9. b3 O-O 10. Qc2 Re8 11. a3 h6 12. Bb2 Be6 13. b4 Bb6 14. Nc4 axb4 15. axb4 Rxa1 16. Rxa1 Bxc4 17. Bxc4 Ng4 18. Rf1 Qd6 19. h3 Nf6 20. Rd1 Qe7 21. Ba3 Rd8 22. Ra1 Ra8 23. Nd2 Qd7 24. Nf3 Qe8 25. Nh4 Ne7 26. Qe2 Nc8 27. Nf5 Nd6 28. Nxd6 cxd6 29. Bb5 Qc8 30. Bb2 Rxa1+ 31. Bxa1 Qa8 32. Bb2 Qa2 33. Bc4 Qb1+ 34. Kh2 Qxe4 35. Qxe4 Nxe4 36. Bd5 Nxf2 37. Bxb7 e4 38. c4 e3 39. Bf3 Nd3 40. Bc3 Nc1 41. Kg3 Na2 42. Bb2 Nxb4 43. Ba3 Nd3 44. Bxd6 Nc1 45. c5 e2 46. Bxe2 Nxe2+ 47. Kf2 Bxc5+ 48. Bxc5 Nf4 49. Be3 Ne6 50. Bc1 h5 51. Ba3 g6 52. Bc1 Kg7 53. Ba3 f5 54. Bb2+ Kh6 55. Kg1 g5 56. Ba3 Kg6 57. Bb2 f4 58. Ba3 Kf5 59. Bb2 Nc5 60. Ba3 Ne4 61. Bf8 Ng3 62. Ba3 Ke4 63. Be7 Nf5 64. Bxg5 Nd4 65. Bd8 Ke3 66. Bb6 Ke4 67. Bxd4 Kxd4 68. Kf2 Ke4 69. Ke2 Ke5 70. Kf3 Kf5 71. g3 fxg3 72. Kxg3 Kg5 73. h4+ Kf5 74. Kf3 Kf6 75. Kf4 Kf7 76. Kg5 Kg7 77. Kxh5 Kh7 78. Kg5 Kg7 79. h5 Kh7 80. h6 Kh8 81. Kh5 Kg8 82. Kg6 Kh8 83. h7 1/2-1/2


[Site "https://www.chess.com"]

[Event "Titled Tuesday Blitz July 18 Late 2023"]
[White "Rosenberg, Evan S"]
[Black "KorolDimitriy75"]
[WhiteFideId "2019299"]
[WhiteElo "2407"]
[BlackElo "2414"]
[Result "1-0"]
[Round "5"]
[TimeControl "180+2"]
[Date "2023.07.18"]
[WhiteClock "0:01:15"]
[BlackClock "0:00:00"]
[Board "124"]

1. d4 Nf6 2. Nf3 g6 3. Nc3 d5 4. Bf4 Bg7 5. Nb5 Na6 6. e3 c6 7. Nc3 Nb8 8. h3 O-O 9. Bd3 c5 10. O-O Nc6 11. a3 b6 12. Re1 Bb7 13. Ne5 Rc8 14. Nxc6 Bxc6 15. Be5 Nd7 16. Bxg7 Kxg7 17. Ba6 Rb8 18. e4 dxe4 19. d5 Ba8 20. Nxe4 Qc7 21. c4 Rbd8 22. Qf3 Bb7 23. Bxb7 Qxb7 24. Qc3+ Kg8 25. Re2 Qc7 26. Rae1 Qe5 27. Qd2 Qg7 28. b3 Rfe8 29. h4 h5 30. Ng5 e6 31. dxe6 Ne5 32. exf7+ Kf8 33. fxe8=Q+ Rxe8 34. Qd6+ 1-0


[Site "https://www.chess.com"]

[Event "Titled Tuesday Blitz July 18 Late 2023"]
[White "Baches Garcia, Guillermo"]
[Black "Sarkar, Justin"]
[WhiteFideId "2209764"]
[BlackFideId "2010011"]
[WhiteElo "2411"]
[BlackElo "2246"]
[Result "1-0"]
[Round "5"]
[TimeControl "180+2"]
[Date "2023.07.18"]
[WhiteClock "0:00:29"]
[BlackClock "0:00:00"]
[Board "125"]

1. e4 e5 2. Nf3 Nc6 3. Nc3 Nf6 4. d4 exd4 5. Nxd4 Bb4 6. Nxc6 bxc6 7. Bd3 O-O 8. O-O d5 9. Bd2 Rb8 10. Re1 Re8 11. a3 Bd6 12. exd5 Rxe1+ 13. Qxe1 cxd5 14. Nb5 Bf8 15. Bf4 Rb7 16. Qa5 Bd7 17. Bxc7 Qc8 18. Be5 Bxb5 19. Bxb5 Qxc2 20. Ba4 Qe2 21. Re1 Qc4 22. b3 Qc2 23. Qc3 Qa2 24. Bxf6 gxf6 25. h4 Re7 26. Qg3+ 1-0


[Site "https://www.chess.com"]